 Dungeon Crawl Stone Soup version 0.18.1-47-g9310371 (webtiles) character file.

3934 Peloso the Blocker (level 10, -3/88 HPs)
             Began as a Minotaur Fighter on June 18, 2016.
             Was a Believer of Okawaru.
             Slain by a wolf (7 damage)
             ... led by Grum
             ... on level 8 of the Dungeon.
             The game lasted 00:22:31 (6209 turns).

Peloso the Blocker (Minotaur Fighter)               Turns: 6209, Time: 00:22:32

Health: -3/88      AC: 19    Str: 22    XL:     10   Next: 1%
Magic:  9/9        EV:  7    Int:  5    God:    Okawaru [**....]
Gold:   165        SH: 14    Dex: 12    Spells: 0 memorised, 9 levels left

rFire  . . .     SeeInvis .     b - +2 long sword (holy)
rCold  . . .     Gourm    .     l - +0 plate armour
rNeg   . . .     Faith    .     I - +2 shield {AC+3}
rPois  .         Spirit   .     (helmet restricted)
rElec  .         Dismiss  .     (no cloak)
rCorr  +         Reflect  .     E - +1 pair of gloves
SustAt .         Harm     .     (no boots)
MR     .....                    (no amulet)
Stlth  ..........               H - ring of stealth
                                y - ring of resist corrosion

@: lethally poisoned (-3 -> -6), flying, not resistant to hostile enchantments,
extremely unstealthy
A: retaliatory headbutt, horns 2
a: Heroism, Renounce Religion


You were on level 8 of the Dungeon.
You worshipped Okawaru.
Okawaru was pleased with you.
You were hungry.

You visited 2 branches of the dungeon, and saw 9 of its levels.

You collected 291 gold pieces.
You spent 126 gold pieces at shops.

Inventory:

Hand Weapons
 a - a +1 long sword
 b - a +2 long sword of holy wrath (weapon)
 o - a +3 dagger
Armour
 c - a +0 shield
 j - a +0 pair of gloves
 l - a +0 plate armour (worn)
 p - a +0 chain mail
 E - a +1 pair of gloves (worn)
 I - a +2 shield of protection (worn)
Jewellery
 n - an uncursed ring of wizardry
 y - a ring of resist corrosion (left hand)
 H - a ring of stealth (right hand)
Wands
 r - a wand of polymorph (9/24)
Scrolls
 k - 2 scrolls of enchant armour {unknown}
 q - 2 scrolls of identify
 v - a scroll of fog
 w - 3 scrolls of noise {unknown}
 z - a scroll of recharging
 C - 2 scrolls of remove curse
 F - 2 scrolls of acquirement {unknown}
Potions
 d - a potion of might
 e - 2 potions of cancellation
 g - 2 potions of haste {unknown}
 h - 3 potions of brilliance
 u - 2 potions of ambrosia
 x - a potion of cure mutation
Books
 s - a book of the Sky

   Spells                             Type                      Level
   a - Summon Lightning Spire         Summoning/Air                4
   b - Airstrike                      Air                          4
   c - Silence                        Hexes/Air                    5
   d - Deflect Missiles               Charms/Air                   6
   e - Conjure Ball Lightning         Conjuration/Air              6
   f - Tornado                        Air                          9
 A - a book of Dreams

   Spells                             Type                      Level
   a - Ensorcelled Hibernation        Hexes/Ice                    2
   b - Silence                        Hexes/Air                    5
   c - Darkness                       Hexes                        6
   d - Shadow Creatures               Summoning                    6
 B - a book of Frost

   Spells                             Type                      Level
   a - Freeze                         Ice                          1
   b - Throw Frost                    Conjuration/Ice              2
   c - Ozocubu's Armour               Charms/Ice                   3
   d - Throw Icicle                   Conjuration/Ice              4
   e - Summon Ice Beast               Ice/Summoning                4
Comestibles
 f - 7 bread rations
 i - 3 meat rations
 t - 3 slices of pizza
 D - 6 beef jerkies
 G - a chunk of flesh


   Skills:
 + Level 7.8 Fighting
 + Level 8.7 Long Blades
 + Level 9.4 Armour
 + Level 3.8 Dodging
 + Level 1.2 Stealth
 + Level 9.6 Shields
 + Level 0.4 Invocations


You had 9 spell levels left.
You didn't know any spells.

Dungeon Overview and Level Annotations

Branches:
Dungeon (8/15)             Temple (1/1) D:5
   Lair: D:8-11

Altars:
Ashenzari
Cheibriados
Elyvilon
Fedhas
Gozag
Kikubaaqudgha
Makhleb
Nemelex Xobeh
Okawaru
Pakellas
Qazlal
Ru
Trog
Vehumet
Xom
Yredelemnul
Zin
The Shining One

Shops:
D:8 [


Innate Abilities, Weirdness & Mutations

You reflexively headbutt those who attack you in melee.
You have a pair of horns on your head.


Message History

You block the wight's attack.
You barely miss the wight. Your headbutt misses the wight.
You feel sick. The wolf bites you!
* * * LOW HITPOINT WARNING * * *
You block the wolf's attack. The wolf bites you!
* * * LOW HITPOINT WARNING * * *
The wolf bites you.
* * * LOW HITPOINT WARNING * * *
A wight comes into view. It is wielding a long sword.
Drink which item? (? for menu, Esc to quit)
It was a potion of cure mutation.
It has a very clean taste.
You feel sick. The wolf barely misses you. You block the wight's attack.
You block the wolf's attack. x2
Drink which item? (? for menu, Esc to quit)
It was a potion of flight.
You feel very buoyant.
You fly up into the air.
You block the wolf's attack. The wolf bites you.
* * * LOW HITPOINT WARNING * * *
You block the wight's attack. The wolf bites you!
You die...

.. .## ...
.. # # #.
.#.##
#z#####.....
#.........#
#.)@z.#
#.###.)hh.#
#.)......#
#...#.....#
..## #.....#
####.#### #.
#....## #.#
#8.8.8# #.
###.#
##.⌠.⌠.##.#


You could see 2 wolves and 2 wights.

Vanquished Creatures
  Pikel (D:6)
  A deep elf mage (D:6)
  Sigmund (D:4)
  Eustachio (D:4)
  Grum (D:8)
  A hippogriff (D:7)
  A water moccasin (D:8)
  A black bear (D:6)
  A sky beast (D:6)
  A phantom (D:7)
  2 wolves (D:8)
  4 ogres
  A centaur (D:5)
  2 giant frogs
  4 scorpions
  2 wights (D:8)
  5 killer bees (D:7)
  2 howler monkeys
  2 crimson imps (D:6)
  A gnoll shaman (D:7)
  2 orc priests
  A hound (D:4)
  2 giant frog skeletons
  Ijyb (D:2)
  7 worker ants
  3 iguanas
  An orc wizard (D:7)
  Robin (D:3)
  A howler monkey skeleton (D:4)
  5 gnolls (D:7)
  A river rat (D:4)
  14 adders
  2 worms (D:3)
  2 dart slugs
  8 giant geckos
  15 orcs
  9 bats
  6 giant cockroaches
  19 goblins
  10 hobgoblins
  9 jackals
  11 kobolds
  6 quokkas
  2 ball pythons
  8 giant newts
  A quokka skeleton (D:4)
  7 rats
189 creatures vanquished.

Notes
Turn   | Place    | Note
--------------------------------------------------------------
     0 | D:1      | Peloso the Minotaur Fighter began the quest for the Orb.
     0 | D:1      | Reached XP level 1. HP: 19/19 MP: 0/0
    87 | D:1      | Reached XP level 2. HP: 19/27 MP: 1/1
   513 | D:2      | Reached XP level 3. HP: 33/33 MP: 2/2
   550 | D:2      | Noticed Ijyb
   559 | D:2      | Killed Ijyb
   559 | D:2      | Reached skill level 1 in Dodging
   568 | D:2      | Reached XP level 4. HP: 24/40 MP: 3/3
  1350 | D:3      | Noticed Robin
  1379 | D:3      | Killed Robin
  1379 | D:3      | Reached XP level 5. HP: 16/46 MP: 4/4
  1630 | D:3      | Reached skill level 5 in Shields
  1755 | D:3      | Reached skill level 5 in Armour
  1802 | D:3      | Found an oddly glowing altar of Pakellas.
  2004 | D:4      | Noticed Sigmund
  2322 | D:4      | Killed Sigmund
  2322 | D:4      | Reached XP level 6. HP: 47/55 MP: 5/5
  2475 | D:4      | Found an opulent altar of Gozag.
  2482 | D:4      | Reached skill level 5 in Fighting
  2865 | D:4      | Noticed Eustachio
  2879 | D:4      | Killed Eustachio
  2879 | D:4      | Reached XP level 7. HP: 61/61 MP: 6/6
  3664 | D:5      | Entered Level 5 of the Dungeon
  3705 | D:5      | Got a warped hand axe
  3715 | D:5      | Reached skill level 5 in Long Blades
  3723 | D:5      | Reached XP level 8. HP: 61/70 MP: 7/7
  3757 | D:5      | Found a staircase to the Ecumenical Temple.
  3764 | D:5      | Lost intelligence.
  3764 | D:5      | Identified the +9 hand axe "Sopaug" {chop, +Blink Int-5 Dex+2} (You found it on level 5 of the Dungeon)
  3775 | Temple   | Entered the Ecumenical Temple
  3831 | Temple   | Became a worshipper of Warmaster Okawaru
  4681 | D:6      | Noticed Pikel
  4692 | D:6      | Killed Pikel
  4692 | D:6      | Reached * piety under Okawaru
  4721 | D:6      | Reached XP level 9. HP: 72/78 MP: 8/8
  4845 | D:6      | Found a sparkling altar of Nemelex Xobeh.
  4848 | D:6      | Found a blossoming altar of Fedhas.
  4851 | D:6      | Found an ancient bone altar of Kikubaaqudgha.
  4889 | D:6      | Noticed a deep elf mage
  4894 | D:6      | Killed a deep elf mage
  5178 | D:6      | Found a white marble altar of Elyvilon.
  5278 | D:6      | Found a basalt altar of Yredelemnul.
  5339 | D:7      | Reached skill level 1 in Stealth
  5344 | D:7      | Reached ** piety under Okawaru
  6163 | D:8      | Found Vayruf's Antique Armour Boutique.
  6170 | D:8      | Bought a shiny shield for 126 gold pieces
  6188 | D:8      | Noticed Grum
  6206 | D:8      | Killed Grum
  6206 | D:8      | Reached XP level 10. HP: 25/88 MP: 9/9
  6209 | D:8      | HP: 4/88 [wolf[Grum] (2)]
  6209 | D:8      | Slain by a wolf

Skill      XL: |  1  2  3  4  5  6  7  8  9 |
---------------+----------------------------+-----
Fighting       | 4 5 6 7 |  7.8
Armour         | 4 5 6 7 9 |  9.4
Shields        | 4 5 6 7 8 9 |  9.6
Dodging        | 1 2 3 |  3.8
Long Blades    | 3 4 5 6 8 |  8.7
Stealth        | 1 |  1.2
Invocations    | |  0.4

Action                   |  1- 3 |  4- 6 |  7- 9 | 10-12 || total
-------------------------+-------+-------+-------+-------++-------
Melee: Long sword        |    87 |   251 |   243 |     1 ||   582
       Headbutt          |    12 |    37 |    53 |       ||   102
Invok: Heroism           |       |       |     1 |       ||     1
  Use: Scroll            |       |     6 |     3 |       ||     9
       Potion            |       |     5 |       |     2 ||     7
  Eat: Chunk             |       |     4 |    12 |       ||    16
       Beef jerky        |       |     1 |       |       ||     1
Armor: Scale mail        |    44 |       |       |       ||    44
       Chain mail        |       |   150 |    24 |       ||   174
       Plate armour      |       |       |   133 |     2 ||   135
Dodge: Dodged            |    28 |    68 |    84 |     1 ||   181
Block: Shield            |    72 |   150 |   171 |     9 ||   402
